 Dungeon Crawl Stone Soup version 0.30-a0-51-g784eafce7f (webtiles) character file.

Game seed: 1550958953785682744

1541 LnG the Cleaver (level 8, -1/70 HPs)
             Began as a Hill Orc Fighter on Sept 5, 2022.
             Shot with an arrow by a centaur (5 damage)
             ... on level 7 of the Dungeon.
             The game lasted 00:15:44 (7759 turns).

LnG the Cleaver (Hill Orc Fighter)                  Turns: 7759, Time: 00:15:45

Health: -1/70      AC:  9    Str: 21    XL:     8   Next: 86%
Magic:  0/8        EV:  8    Int: 14    God:
Gold:   355        SH:  8    Dex: 10    Spells: 7/7 levels left

rFire   . . .      SeeInvis .    a - +0 war axe
rCold   + . .      Faith    .    s - +0 kite shield
rNeg    . . .      Spirit   +    b - +0 scale mail
rPois   .          Reflect  .    w - +0 helmet
rElec   .          Harm     .    (no cloak)
rCorr   .          Rampage  .    (no gloves)
Will    .....                    (no boots)
Stlth   ..........               n - amulet of guardian spirit
HPRegen 0.21/turn                q - ring "Lyumufua" {rC+ Int+6}
MPRegen 0.11/turn                t - ring of wizardry

@: no status effects
A: no striking features
a: no special abilities


You were on level 7 of the Dungeon.
You visited 2 branches of the dungeon, and saw 8 of its levels.

You collected 355 gold pieces.

Inventory:

Hand Weapons
 a - a +0 war axe (weapon)
Missiles
 x - a boomerang (quivered)
Armour
 b - a +0 scale mail (worn)
 s - a +0 kite shield (worn)
 w - a +0 helmet (worn)
Jewellery
 l - a ring of willpower
 n - an amulet of guardian spirit (around neck)
 q - the ring "Lyumufua" (left hand) {rC+ Int+6}
   (You found it on level 3 of the Dungeon)

   [ring of intelligence]

   Int:       It affects your intelligence (+6).
   rC:        It protects you from cold.
 t - a ring of wizardry (right hand)
Scrolls
 e - 4 scrolls of teleportation
 f - 2 scrolls of magic mapping
 m - 2 scrolls of enchant weapon {unknown}
 o - a scroll of blinking {unknown}
 u - a scroll of amnesia {unknown}
 v - a scroll of fear {unknown}
 y - a scroll of immolation {unknown}
 z - a scroll of butterflies {unknown}
Potions
 c - a potion of attraction {unknown}
 d - 2 potions of might
 g - 2 potions of mutation
 h - 3 potions of heal wounds {unknown}
 i - 2 potions of lignification
 j - 2 potions of berserk rage {unknown}
 k - 2 potions of brilliance {unknown}
 p - 2 potions of curing {unknown}
 r - a potion of flight {unknown}


   Skills:
 + Level 6.0 Fighting
 + Level 9.5 Axes
 + Level 6.8 Armour
 + Level 2.1 Dodging
 + Level 0.6 Stealth
 + Level 4.9 Shields


You had 7 spell levels left.
You didn't know any spells.
Your spell library contained the following spells:

 Spells                   Type           Power      Damage    Failure   Level
 Magic Dart               Conj           0%         1d3       58%         1
 Searing Ray              Conj           0%         2d4       73%         2
 Fulminant Prism          Conj/Hex       0%         3d6       100%        4


Dungeon Overview and Level Annotations

Branches:
Dungeon (7/15)             Temple (1/1) D:5

Altars:
Ashenzari
Cheibriados
Elyvilon
Fedhas
Gozag
Hepliaklqana
Kikubaaqudgha
Nemelex Xobeh
Okawaru
Ru
Sif Muna
Wu Jian
Yredelemnul
Zin
The Shining One

Annotations:
D:7 Prince Ribbit


Message History

You throw a boomerang. The boomerang hits Prince Ribbit.
Prince Ribbit is lightly wounded.
Prince Ribbit hits you!
You closely miss Prince Ribbit.
Prince Ribbit is lightly wounded.
Prince Ribbit blinks!
You throw a boomerang. The boomerang hits Prince Ribbit!
Prince Ribbit is moderately wounded.
A centaur comes into view. It is wielding a +0 hand axe.
The centaur shouts!
You hear a shout!
Prince Ribbit hits you!
The centaur unwields a +0 hand axe.
The centaur wields a +0 shortbow.
The centaur shoots an arrow.
The arrow hits you. Prince Ribbit hits you.
You slash Prince Ribbit!
Prince Ribbit is heavily wounded.
Prince Ribbit barely misses you.
The centaur shoots an arrow.
The arrow hits you.
You miss Prince Ribbit.
Prince Ribbit is heavily wounded.
Prince Ribbit hits you!
The centaur shoots an arrow.
The arrow hits you! Prince Ribbit hits you!
The centaur shoots an arrow.
The arrow hits you!
You are too injured to fight recklessly!
You are too injured to fight recklessly!
Prince Ribbit hits you.
* * * LOW HITPOINT WARNING * * *
You barely miss Prince Ribbit.
Prince Ribbit is heavily wounded.
Prince Ribbit hits you!
* * * LOW HITPOINT WARNING * * *
You slash Prince Ribbit!
Prince Ribbit is severely wounded.
Prince Ribbit hits you.
* * * LOW HITPOINT WARNING * * *
You block Prince Ribbit's attack. Prince Ribbit attacks as you move away!
Prince Ribbit closely misses you.
Prince Ribbit blinks!
The centaur shoots an arrow.
The arrow hits you.
* * * LOW HITPOINT WARNING * * *
The centaur shoots an arrow.
The arrow hits you.
You die...

.. +. .# ..
#.#####.#
#.#.......
###.......#
..........###
.........c..#
.........#.##
.........#c#######
.#########...@...#
#######'####
#....<.....#
#...†.)....#
#....))....#
#..........#
#..........#
#..........#
#..........#


You could see a centaur.

Vanquished Creatures
  Grinder (D:5)
  2 ogres (D:5)
  A kobold brigand (D:6)
  Blork the orc (D:5)
  A bullfrog (D:7)
  2 gnoll sergeants (D:6)
  2 necrophages
  2 scorpions
  A howler monkey (D:5)
  A jelly (D:5)
  2 hounds
  2 iguanas
  2 orc wizards
  16 gnolls
  11 adders
  A white imp (D:6)
  2 ufetubi
  A worm (D:4)
  5 dart slugs
  11 orcs
  11 endoplasms
  3 giant cockroaches
  12 goblins
  7 hobgoblins
  7 jackals
  4 quokkas
  5 ball pythons
  3 bats
  3 frilled lizards
  10 kobolds
  3 rats
135 creatures vanquished.

Vanquished Creatures (others)
  A plant (D:1)
1 creature vanquished.

Grand Total: 136 creatures vanquished

Notes
Turn   | Place    | Note
-------+----------+-------------------------------------------
     0 | D:1      | LnG the Hill Orc Fighter began the quest for the Orb.
     0 | D:1      | Reached XP level 1. HP: 19/19 MP: 1/1
   313 | D:1      | Found a faded altar of an unknown god.
   320 | D:1      | Reached XP level 2. HP: 23/27 MP: 2/2
   840 | D:1      | Reached XP level 3. HP: 33/33 MP: 3/3
  1068 | D:1      | Reached skill level 3 in Axes
  1343 | D:2      | Identified the +2 leather armour of the Forest {rN+ Int+3
                  | Dex+2 Stlth-}
  2153 | D:3      | Reached XP level 4. HP: 40/40 MP: 4/4
  2504 | D:3      | Reached skill level 4 in Axes
  2550 | D:3      | Identified the ring "Lyumufua" {rC+ Int+6}
  2612 | D:4      | Reached XP level 5. HP: 37/46 MP: 3/5
  3106 | D:4      | Reached skill level 5 in Axes
  3106 | D:4      | Reached XP level 6. HP: 17/53 MP: 4/6
  3611 | D:4      | Reached skill level 5 in Armour
  3611 | D:4      | Reached skill level 1 in Dodging
  3624 | D:4      | Found an iron altar of Okawaru.
  3624 | D:4      | Found an ancient bone altar of Kikubaaqudgha.
  4094 | D:5      | Entered Level 5 of the Dungeon
  4104 | D:5      | Reached skill level 6 in Axes
  4325 | D:4      | Reached XP level 7. HP: 40/60 MP: 4/7
  4453 | D:5      | Noticed Blork the orc
  4464 | D:5      | Killed Blork the orc
  4772 | D:5      | Found a staircase to the Ecumenical Temple.
  4779 | Temple   | Entered the Ecumenical Temple
  4951 | D:5      | Reached skill level 5 in Fighting
  4951 | D:5      | Reached skill level 7 in Axes
  5027 | D:5      | Noticed Grinder
  5045 | D:5      | Killed Grinder
  5046 | D:5      | Reached XP level 8. HP: 26/69 MP: 3/8
  5048 | D:5      | Reached skill level 8 in Axes
  6570 | D:6      | Found an opulent altar of Gozag.
  6851 | D:6      | Reached skill level 9 in Axes
  7138 | D:6      | Found a white marble altar of Elyvilon.
  7666 | D:7      | Identified the +8 scimitar "Avitoeb" {drain, Drain rF+
                  | rC++}
  7724 | D:7      | Noticed Prince Ribbit
  7759 | D:7      | Shot with an arrow by a centaur

Illustrated notes

Levels and vault maps discovered:
D:1:      lightli_arrival_isolated_outpost, layout_loops_corners,
          shapermc_ecumenical_altar_starsandcircs, minivault_27,
          serial_park_tiny_pond, serial_bayou_lake_a
D:2:      layout_basic
D:3:      minmay_diamond_boxcup, layout_basic
D:4:      layout_basic, gammafunk_temple_overflow_pools,
          minmay_misc_feat_hallway, minmay_increasing_density
D:5:      layout_layer_cave, minmay_temple_entry_wispy, uniq_blork_the_orc,
          uniq_grinder
D:6:      layout_gridville, lemuel_tele_altar, elyvilon_altar_5
D:7:      layout_basic, grunt_temple_overflow_open,
          nicolae_shop_overcharged_wands, uniq_prince_ribbit1
Temple:   chequers_temple_sunken

Skill      XL: |  1  2  3  4  5  6  7  8 |
---------------+-------------------------+-----
Fighting       | 4 5 6 |  6.0
Axes           | 3 4 5 6 7 9 |  9.5
Armour         | 4 5 6 |  6.8
Dodging        | 1 2 |  2.1
Shields        | 4 |  4.9
Stealth        | |  0.6

Action                   |  1- 3 |  4- 6 |  7- 9 || total
-------------------------+-------+-------+-------++-------
Melee: War axe           |    87 |   144 |   140 ||   371
Throw: Boomerang         |       |       |    10 ||    10
  Use: Scroll            |       |       |     5 ||     5
Armor: Scale mail        |    30 |    59 |    61 ||   150
Dodge: Dodged            |    49 |    61 |    56 ||   166
Block: Buckler           |    21 |    11 |       ||    32
       Kite shield       |       |    38 |    73 ||   111

Table legend: (Time is in decaauts)
 A = Elapsed time spent in this place.
 B = Non-inter-level travel time spent in this place.
 C = Inter-level travel time spent in this place.
 D = Time resting spent in this place.
 E = Time spent auto-exploring this place.
 F = Levels seen in this place.
 G = Mean time per level.
                   A        B        C        D        E       F      G
               +--------+--------+--------+--------+--------+-----+--------+
         Total |   7970 |   7795 |    175 |   1906 |   3894 |   8 |  996.2 |
       Dungeon |   7762 |   7592 |    170 |   1906 |   3698 |   7 | 1108.9 |
        Temple |    208 |    203 |      5 |      0 |    195 |   1 |  208.0 |
               +--------+--------+--------+--------+--------+-----+--------+

Top non-repeatable levels by time:
     D:5: 2010 daAuts
     D:4: 1641 daAuts
     D:6: 1279 daAuts
     D:1: 1272 daAuts
     D:2: 858 daAuts
     D:3: 554 daAuts
  Temple: 208 daAuts
     D:7: 144 daAuts
